 Dungeon Crawl Stone Soup version 0.17.2-1-ge4368a0 (webtiles) character file.

201 Goblin1989 the Covert (level 5, -3/25 HPs)
             Began as a Spriggan Assassin on Oct 20, 2016.
             Killed from afar by an orc wizard (7 damage)
             ... with a magic dart
             ... on level 10 of the Dungeon.
             The game lasted 00:12:40 (1685 turns).

Goblin1989 the Covert (Spriggan Assassin)           Turns: 1685, Time: 00:12:41

Health: -3/25      AC:  3    Str:  7    XL:     5   Next: 50%
Magic:  6/6        EV: 17    Int: 13    God:
Gold:   98         SH:  0    Dex: 18    Spells: 0 memorised, 4 levels left

rFire  . . .     SeeInvis +     a - +2 dagger
rCold  . . .     Clarity  .     c - +0 robe
rNeg   . . .     SustAt   .     (shield restricted)
rPois  .         Gourm    .     (helmet restricted)
rElec  .         Spirit   .     d - +0 cloak
rCorr  .         Warding  .     (gloves unavailable)
rMut   .         Stasis   .     (boots unavailable)
MR     .....                    (no amulet)
Stlth  +++++.....               (no ring)
                                (no ring)

@: very quick, not resistant to hostile enchantments, quite stealthy
A: unfitting armour, see invisible, herbivore 3, speed 3, slow metabolism 2
a: no special abilities


You were on level 10 of the Dungeon.
You were not hungry.

You visited 1 branch of the dungeon, and saw 10 of its levels.

You collected 98 gold pieces.

Inventory:

Hand Weapons
 a - a +2 dagger (weapon)
 m - a +0 dagger
 w - a +0 blowgun {@w1}
 z - a +0 long sword
 B - a +0 long sword
 F - a +2 hunting sling of flaming
Missiles
 e - 8 poisoned needles
 f - 2 curare-tipped needles
 k - 12 arrows
 l - 36 sling bullets
 n - 118 stones (quivered)
Armour
 c - a +0 robe (worn)
 d - a +0 cloak (worn)
 h - a +0 robe
 j - a cursed +0 robe
 x - a +0 leather armour
 y - a +0 ring mail
 C - a +0 chain mail
Wands
 E - a wand of magic darts (25)
Scrolls
 b - a scroll of noise {unknown}
 i - a scroll of fog {unknown}
 p - 3 scrolls of teleportation {unknown}
 r - a scroll of enchant weapon {unknown}
 s - 2 scrolls of magic mapping {unknown}
 t - a scroll of amnesia {unknown}
 v - 4 scrolls of remove curse {unknown}
Potions
 o - a potion of ambrosia {unknown}
 q - a potion of curing {unknown}
 u - a potion of agility {unknown}
 D - a potion of berserk rage {unknown}
Miscellaneous
 A - a lantern of shadows
Comestibles
 g - a bread ration {@e1}


   Skills:
 - Level 1.5 Fighting
 - Level 2.1 Short Blades
 - Level 2.0 Throwing
 - Level 1.5 Dodging
 + Level 10.3 Stealth


You had 4 spell levels left.
You didn't know any spells.

Dungeon Overview and Level Annotations

Branches:
Dungeon (10/15)              Lair (0/8) D:10
 Temple: D:4-7          Orc: D:9-12

Altars:
Cheibriados
Dithmenos
Sif Muna
Yredelemnul

Annotations:
D:6 exclusion: Duvessa, Duvessa
D:7 exclusion: jelly


Innate Abilities, Weirdness & Mutations

You are tiny and cannot use many weapons and most armour.
You have supernaturally acute eyesight.
You are a herbivore.
You cover ground extremely quickly.
You need consume almost no food.


Message History

The orc shouts!
The orc priest shouts!
The orc wizard shouts!
The shadow imp shouts, "Run away, thou unhinged ruttish grub!"
The warg completely misses you. The warg closely misses you.
The orc wizard gestures wildly while chanting.
The orc wizard blinks!
You hit the orc.
You kill the orc!
The orc wizard miscasts a cantrip.
The warg stops to sniff the ground.
The warg bites you. The warg bites you! The quokka closely misses you.
The orc priest completely misses you.
You take 13 damage, and have 12/25 hp.
MASSIVE DAMAGE!!
The orc wizard gestures wildly while chanting.
The orc wizard blinks!
The shadow imp gestures at you. Pain shoots through your body!
* * * LOW HITPOINT WARNING * * *
The orc wizard gestures at you while chanting.
The magic dart hits you!
You die...

█..
█....████.......
██..█ ██...██
██...... ....█
█...██ █......
██..o███.██ ██.....
██.....██..██
██....
█§......█...███
██...
.█.P..ro.█.....█
█...
█..P.h.h..███......
..... █.....oh@.█
█...........
.....>.o...█
█..........
.......5...█
█........
....§......█ █..
.█.......█.█ .
█.......█..
██.....███.. ██...█
█..


You could see 3 wargs, an orc priest, 2 orc wizards, a shadow imp, an orc and a
quokka.

Vanquished Creatures
  A black bear (D:10)
  A giant frog (D:9)
  A hound (D:9)
  A hound zombie (D:7)
  An adder (D:9)
  2 orcs
  A bat (D:3)
8 creatures vanquished.

Notes
Turn   | Place    | Note
--------------------------------------------------------------
     0 | D:1      | Goblin1989 the Spriggan Assassin began the quest for the Orb.
     0 | D:1      | Reached XP level 1. HP: 10/10 MP: 2/2
   626 | D:4      | Noticed a phantom
   742 | D:4      | Noticed a centaur skeleton
   772 | D:5      | Entered Level 5 of the Dungeon
   821 | D:6      | Noticed a worker ant
   824 | D:6      | Noticed Duvessa
   837 | D:6      | Noticed a phantom
   842 | D:6      | Found a shadowy altar of Dithmenos.
   842 | D:6      | Found a snail-covered altar of Cheibriados.
   842 | D:6      | Found a deep blue altar of Sif Muna.
   842 | D:6      | Noticed an ogre
   874 | D:5      | Noticed a centaur zombie
   933 | D:5      | Reached skill level 6 in Stealth
  1005 | D:6      | Found a basalt altar of Yredelemnul.
  1070 | D:7      | Noticed a quasit
  1078 | D:7      | Noticed a jelly
  1113 | D:7      | Reached skill level 7 in Stealth
  1113 | D:7      | Reached XP level 2. HP: 14/14 MP: 3/3
  1137 | D:8      | Noticed a water moccasin zombie
  1222 | D:9      | Reached XP level 3. HP: 15/18 MP: 4/4
  1230 | D:9      | Reached skill level 8 in Stealth
  1251 | D:9      | Noticed an orc warrior
  1272 | D:9      | Noticed a sky beast
  1368 | D:9      | Noticed a giant frog
  1381 | D:9      | Killed a giant frog
  1381 | D:9      | Reached skill level 9 in Stealth
  1381 | D:9      | Reached XP level 4. HP: 15/22 MP: 5/5
  1413 | D:10     | Entered Level 10 of the Dungeon
  1419 | D:10     | Noticed a black bear
  1424 | D:10     | Killed a black bear
  1424 | D:10     | Reached skill level 10 in Stealth
  1424 | D:10     | Reached XP level 5. HP: 15/25 MP: 6/6
  1480 | D:9      | Noticed a yak
  1480 | D:9      | Noticed a wyvern skeleton
  1480 | D:9      | Noticed a yak
  1480 | D:9      | Noticed a yak
  1480 | D:9      | Noticed a yak
  1594 | D:10     | Noticed a sky beast
  1679 | D:10     | Found a staircase to the Lair.
  1679 | D:10     | Noticed a warg
  1679 | D:10     | Noticed a warg
  1680 | D:10     | Noticed a warg
  1685 | D:10     | Killed from afar by an orc wizard

Action                   |  1- 3 |  4- 6 || total
-------------------------+-------+-------++-------
Melee: Dagger            |    12 |    14 ||    26
 Stab: Sleeping          |     6 |     1 ||     7

Vault maps used:
D:1:      dpeg_arrival_round_c
D:2:      first_bread
D:3:      st_stairs_10
D:4:      lemuel_doored_altar, minmay_temple_entry_junction2, uniq_edmund
D:6:      gammafunk_temple_overflow_forgotten, lemuel_zombie_altar_yredelemnul,
          serial_bayou, serial_bayou_pond_d, serial_bayou_pond_c,
          serial_bayou_pond_b, serial_bayou_shore_b, uniq_duvessa
D:7:      uniq_pikel, uniq_joseph
D:8:      kiku_gazebo_pond_becter, minmay_overflow_temple_star_hex, serial_ice,
          serial_ice_l, serial_ice_f, serial_ice_m, serial_ice_o, serial_ice_a,
          serial_ice_b, serial_ice_e, serial_ice_n, serial_ice_g, serial_ice_d,
          david_nohive_1, uniq_psyche, uniq_grum, uniq_maurice
D:9:      orc_0_dummy
D:10:     erik_lair_orcish_takeover, minmay_misc_feat_secret_circle
